 Dungeon Crawl Stone Soup version 0.30.0-10-gfe55d96785 (webtiles) character file.

Game seed: 2725274628344245605

90 Nidhogg036 the Conjurer (level 4, -4/24 HPs)
             Began as a Deep Elf Conjurer on May 14, 2023.
             Slain by an orc priest
             ... wielding a +0 hand axe
              (7 damage)
             ... on level 3 of the Dungeon.
             The game lasted 00:05:25 (1945 turns).

Nidhogg036 the Conjurer (Deep Elf Conjurer)         Turns: 1945, Time: 00:05:25

Health: -4/24      AC:  3    Str:  4    XL:     4   Next: 32%
Magic:  1/12       EV: 12    Int: 25    God:
Gold:   43         SH:  0    Dex: 13    Spells: 8/11 levels left

rFire   x . .        c - +0 dagger
rCold   + . .        (no shield)
rNeg    . . .        a - +0 robe
rPois   .            d - +0 helmet
rElec   .            (no cloak)
rCorr   .            (no gloves)
SInv    .            (no boots)
Will    .....        (no amulet)
Stlth   ++           k - ring of ice
HPRegen 0.24/turn    (no ring)
MPRegen 0.13/turn

%: no passive effects
@: no status effects
A: no striking features
a: no special abilities


You were on level 3 of the Dungeon.
You visited 1 branch of the dungeon, and saw 3 of its levels.

You collected 73 gold pieces.
You spent 30 gold pieces at shops.

Inventory:

Hand Weapons
 c - a +0 dagger (weapon)
Armour
 a - a +0 robe (worn)
 d - a +0 helmet (worn)
Jewellery
 b - a ring of poison resistance
 k - a ring of ice (left hand)
Scrolls
 e - 2 scrolls of blinking {unknown}
 f - a scroll of teleportation {unknown}
 g - 2 scrolls of amnesia
 n - a scroll of enchant weapon {unknown}
Potions
 i - a potion of flight
 j - a potion of brilliance {unknown}
 l - a potion of invisibility {unknown}
 m - a potion of mutation {unknown}
 o - a potion of attraction {unknown}


   Skills:
 + Level 2.7 Dodging
 + Level 3.0 Stealth
 + Level 4.3 Spellcasting
 + Level 5.5 Conjurations


You had 8 spell levels left.
You knew the following spells:

 Your Spells              Type           Power      Damage    Failure   Level
a - Magic Dart            Conj           100%       1d8       1%          1
b - Searing Ray           Conj           64%        2d6       1%          2

Your spell library contained the following spells:

 Spells                   Type           Power      Damage    Failure   Level
 Dazzling Flash           Conj/Hex       38%        N/A       9%          3
 Mephitic Cloud           Conj/Pois/Air  14%        N/A       13%         3
 Poisonous Vapours        Pois/Air       10%        N/A       14%         2
 Frozen Ramparts          Ice            16%        1d3       26%         3
 Fulminant Prism          Conj/Hex       9%         3d6       28%         4
 Iskenderun's Mystic Bla  Conj/Tloc      19%        2d6       28%         4
 Animate Armour           Summ/Erth      10%        N/A       65%         4
 Ice Form                 Ice/Tmut       8%         N/A       65%         4
 Summon Ice Beast         Ice/Summ       8%         N/A       65%         4
 Freezing Cloud           Conj/Ice/Air   10%        6-21      75%         5
 Blade Hands              Tmut           2%         N/A       94%         5
 Iron Shot                Conj/Erth      9%         9d3       99%         6


Dungeon Overview and Level Annotations

Branches:
Dungeon (3/15)

Altars:

Shops:
D:1 ?


Message History

The orc priest is moderately wounded.
The orc priest barely misses you.
You barely miss the orc priest.
The orc priest is moderately wounded.
The orc priest closely misses you.
You barely miss the orc priest.
The orc priest is moderately wounded.
The orc priest barely misses you.
You closely miss the orc priest.
The orc priest is moderately wounded.
The orc priest hits you with a +0 hand axe.
* * * LOW HITPOINT WARNING * * *
Casting: Magic Dart (safe; 1% risk of failure)
Confirm with . or Enter, or press ? or * to list all spells.
Aiming: Magic Dart (safe; 1% risk of failure)
Press: ? - help, Shift-Dir - straight line, f/p - orc priest
Aim: an orc priest, wielding a +0 hand axe and wearing a +0 leather armour (moderately wounded, 100% to hit)
The magic dart hits the orc priest.
The orc priest is heavily wounded.
The orc priest hits you with a +0 hand axe.
* * * LOW HITPOINT WARNING * * *
You closely miss the orc priest.
The orc priest is heavily wounded.
The orc priest barely misses you.
You hit the orc priest.
The orc priest is severely wounded.
The orc priest barely misses you.
You hit the orc priest but do no damage.
The orc priest is severely wounded.
The orc priest closely misses you.
You hit the orc priest but do no damage.
The orc priest is severely wounded.
The orc priest barely misses you.
You hit the orc priest.
The orc priest is severely wounded.
The orc priest closely misses you.
You closely miss the orc priest.
The orc priest is severely wounded.
The orc priest hits you with a +0 hand axe!
You die...

# ######.### # ..#
...#.....## # #.# #.#..8...#
# #.# #...8_8..## # #.#
#.#..8..... ### #.#
#.#....o#.. ..# #.#
#.##..r###. #.#
###†#########.####o# #. #.#
#.####.....@oJr....# #.# #.
#.#
#........#########.####.###.
#.# #######.##
#......J.J..##. #.# #.#
#.###.........# #># #.#
##########. #.# #.# # #.#
#.######.# #.# #........###
#.#############........


You could see an orc priest, an endoplasm and a rat.

Vanquished Creatures
  An adder (D:3)
  4 gnolls (D:2)
  A worm (D:3)
  2 dart slugs (D:1)
  3 orcs (D:3)
  2 endoplasms (D:2)
  A giant cockroach (D:3)
  2 goblins
  4 hobgoblins
  4 kobolds
  A quokka (D:2)
  A ball python (D:1)
  2 bats (D:1)
  2 frilled lizards
  6 rats
36 creatures vanquished.

Notes
Turn   | Place    | Note
-------+----------+-------------------------------------------
     0 | D:1      | Nidhogg036 the Deep Elf Conjurer began the quest for the
                  | Orb.
     0 | D:1      | Reached XP level 1. HP: 10/10 MP: 6/6
   102 | D:1      | Found Goqiz's Magic Scroll Emporium.
   119 | D:1      | Bought a scroll of identify for 20 gold pieces
   179 | D:1      | Reached XP level 2. HP: 15/15 MP: 4/8
   575 | D:1      | Reached skill level 5 in Conjurations
   787 | D:1      | Bought a scroll of noise for 10 gold pieces
  1190 | D:2      | Reached XP level 3. HP: 19/19 MP: 7/9
  1264 | D:2      | Reached XP level 4. HP: 11/24 MP: 3/12
  1359 | D:2      | Identified the +1 ring mail of Cydghoci {Harm Rampage
                  | Dex+2}
  1681 | D:2      | Learned a level 2 spell: Searing Ray
  1865 | D:3      | Found a faded altar of an unknown god.
  1939 | D:3      | HP: 1/24 [orc priest/+0 hand axe (3)]
  1945 | D:3      | Slain by an orc priest

Illustrated notes

Levels and vault maps discovered:
D:1:      scummos_arrival_gate, layout_rooms, serial_shops, shop
D:2:      layout_loops_ring, minivault_26, chequers_jeans
D:3:      layout_loops_ring, mainiacjoe_overflow_alcove_2,
          chequers_ecumenical_altar_simple

Skill      XL: |  1  2  3 |
---------------+----------+-----
Conjurations   | 5 |  5.5
Stealth        | 3 |  3.0
Spellcasting   | 4 |  4.3
Dodging        | |  2.7

Action                     |  1- 3 |  4- 6 || total
---------------------------+-------+-------++-------
  Melee: Dagger            |       |    16 ||    16
   Cast: Magic Dart        |    59 |    26 ||    85
    Use: Scroll            |     3 |       ||     3
         Potion            |     1 |     2 ||     3
 Armour: Robe              |       |     2 ||     2
  Dodge: Dodged            |     8 |    22 ||    30
